[Event "Late-Titled-Tuesday-Blitz-February-27-2024"]
[Site "Chess.com"]
[Date "2024.02.27"]
[Round "5"]
[White "FabianoCaruana"]
[Black "TigrVShlyape"]
[Result "1-0"]
[WhiteElo "3060"]
[BlackElo "2907"]
[TimeControl "180+1"]
[EndTime "14:56:39 PST"]
[Termination "FabianoCaruana won on time"]

1. e4 c5 2. Nf3 e6 3. d4 cxd4 4.
Nxd4 a6 5. Nc3 b5 6. Bd3 Qb6 7. Nf3 Qc7 8. O-O Bb7 9. Re1 Be7 10. a4 b4 11. Ne2 Nf6 12. e5 Ng4 13. Ng3 Bc5 14.
Rf1 Nxe5 15. Nxe5 Qxe5 16. Kh1 O-O 17. f4 Qd5 18. Qe2 f5 19. Bc4 Qd4 20. Rd1 Qf2 21.
Qxf2 Bxf2 22. a5 d5 23. Bd3 Nd7 24. Bd2 Bc5 25. Ne2 Nf6 26. Ra4 Ng4 27. Be1 Bc6 28. Raa1 Rfb8 29. Nc1 Ne3 30. Rd2 Nc4 31. Re2 Kf7 32.
Nb3 Ba7 33. Rb1 Ba4 34. Nd2 Nd6 35. Nf3 Ne4 36. b3 Bb5 37. Ne5+ Ke8 38. g3 Bc5 39. Kg2 Bd6 40. Nf3 Kf7 41. Nd4 Bxd3 42. cxd3 Nc5 43.
Nc6 Rb5 44. Bxb4 1-0

[Event "Late-Titled-Tuesday-Blitz-February-27-2024"]
[Site "Chess.com"]
[Date "2024.02.27"]
[Round "5"]
[White "Maikrosoft63"]
[Black "ArturoCaceres"]
[Result "1-0"]
[WhiteElo "2612"]
[BlackElo "2467"]
[TimeControl "180+1"]
[EndTime "14:56:39 PST"]
[Termination "Maikrosoft63 won by checkmate"]

1. e4 b6 2. d4 Bb7 3. Bd3 e6 4. Nf3 d5 5. exd5 exd5 6. O-O Nf6 7. Re1+ Be7 8. Bg5 O-O 9. Nbd2 c5 10. c3 Nc6 11. Rc1 h6 12. Bh4 Re8 13. Bb1 Bc8 14. Qc2 g6 15. Ne5 Nxe5 16. dxe5 Nh7 17. Bxe7 Qxe7 18. Nf3 Bb7 19. e6 f5 20. Qd2 Kg7 21. Qf4 Ng5 22. Nxg5 hxg5 23. Qg3 Qf6 24. Re2 Re7 25.
Rce1 Rae8 26. Qd6 g4 27. g3 Rh8 28. a4 d4 29. cxd4 cxd4 30. Re5 Kf8 31. Qd8+ Kg7 32. Qxd4 g5 33. Qd6 Rxh2 34. f3 Rh3 35. Rxf5 Qh6 36. Qxe7+ Kg8 37. Qe8+ Kg7 38. Rf7# 1-0

[Event "Late-Titled-Tuesday-Blitz-February-27-2024"]
[Site "Chess.com"]
[Date "2024.02.27"]
[Round "5"]
[White "Kgutierrez95"]
[Black "picturesquecheck"]
[Result "1/2-1/2"]
[WhiteElo "2190"]
[BlackElo "2416"]
[TimeControl "180+1"]
[EndTime "14:56:39 PST"]
[Termination "Game drawn - insufficient material"]

1. e4 c5 2. Nf3 Nc6 3. d4 cxd4 4. Nxd4 Nf6 5. Nc3 d6 6. Be3 e5 7. Nf3 h6 8. a3 Be7 9. Bc4 O-O 10. h3 Be6 11.
Bxe6 fxe6 12. O-O d5 13. exd5 exd5 14. Ne2 d4 15. Bc1 Nd5 16. Ng3 Kh8 17. Qd3 Nf4 18. Bxf4 Rxf4 19. Rae1 Qd5 20. c3 Bc5 21. cxd4 Bxd4 22.
Qg6 Ne7 23. Qc2 Rxf3 24. gxf3 Qxf3 25. Kh2 Rf8 26. Qe4 Qf7 27. f4 exf4 28. Qxe7 fxg3+ 29. Kg2 Qd5+ 30. Qe4 Qxe4+ 31. Rxe4 Rxf1 32. Kxf1 Bxb2 33. a4 a5 34. Re7 b6 35. Rd7 Ba3 36. Kg2 Bc5 37.
Kxg3 Kh7 38. Kg4 Kg6 39. h4 h5+ 40. Kh3 Kf5 41. Rxg7 Ke4 42. Rg5 Kd3 43. Rxh5 Kc3 44. Rg5 Kb4 45. Rg4+ Kb3 46. h5 b5 47. axb5 a4 48.
Rxa4 Kxa4 49. h6 Kxb5 50. Kg4 Bd4 51. Kf5 Kc5 52. h7 Kc4 53. h8=Q Bxh8 1/2-1/2

[Event "Late-Titled-Tuesday-Blitz-February-27-2024"]
[Site "Chess.com"]
[Date "2024.02.27"]
[Round "5"]
[White "AryanTari"]
[Black "mac0504"]
[Result "1/2-1/2"]
[WhiteElo "2928"]
[BlackElo "2713"]
[TimeControl "180+1"]
[EndTime "14:56:40 PST"]
[Termination "Game drawn by repetition"]

1. d4 Nf6 2. Nf3 b6 3. Bg5 Bb7 4. Nbd2 e6 5. e4 h6 6. Bxf6 Qxf6 7. Bd3 d6 8. Qe2 Nd7 9. Ba6 Bxa6 10. Qxa6 Qd8 11.
O-O-O Be7 12. h4 Qc8 13. Qe2 Qb7 14. g4 O-O-O 15. Kb1 Kb8 16. Nc4 Rhe8 17. g5 d5 18.
exd5 exd5 19. Ne3 h5 20. g6 fxg6 21. Rdg1 Nf8 22. Ne5 Bf6 23. f4 Ne6 24. Nxg6 Nxd4 25. Qd3 Re4 26. c3 Ne6 27. Nf5 Nxf4 28. Nxf4 Rxf4 29. Nxg7 Bxg7 30. Rxg7 d4 31. Re1 Qf3 32. Qc4 Rc8 33. cxd4 Qf2 34. Rd1 Rxh4 35. Ka1 Rh2 36. Rb1 h4 37. d5 Qc2 38. Qf4 Qd2 39. Qe5 Re2 40. Qh5 h3 41. d6 Re1 42. dxc7+ Rxc7 43. Rg8+ Kb7 44. Qf3+ Ka6 45. Qa3+ Kb7 46. Qf3+ Ka6 47. Rg1 Rxb1+ 48. Rxb1 Rc1 49. Qa3+ Kb7 50. Qf3+ Ka6 51. Qa3+ Kb7 52. Qf3+ Ka6 1/2-1/2

[Event "Late-Titled-Tuesday-Blitz-February-27-2024"]
[Site "Chess.com"]
[Date "2024.02.27"]
[Round "5"]
[White "Fandorine"]
[Black "LiemLe"]
[Result "1/2-1/2"]
[WhiteElo "2902"]
[BlackElo "3057"]
[TimeControl "180+1"]
[EndTime "14:56:43 PST"]
[Termination "Game drawn by stalemate"]

1. e4 c5 2. Nf3 Nc6 3. Bb5 g6 4. O-O Bg7 5. Re1 e5 6. Bxc6 dxc6 7. d3 Qc7 8. a4 a5 9. Be3 b6 10. Na3 Nf6 11. Nc4 Nd7 12. Qc1 O-O 13. Bh6 Re8 14. Bxg7 Kxg7 15. b3 Nf8 16. h3 f6 17. Nh2 Ne6 18. h4 Nd4 19. Nf1 Be6 20. Ng3 h5 21.
Ne2 Rad8 22. Nxd4 Rxd4 23. Rf1 Qe7 24. Nxb6 f5 25. exf5 Bxf5 26. Qg5 Qc7 27. Nc4 Rg4 28. Qe3 e4 29. f3 exf3 30. Qxf3 Rxh4 31. g3 Rg4 32.
Kh1 Rxg3 33. Qf4 Rh3+ 34. Kg1 Qxf4 35. Rxf4 Re2 36. Rf2 Rxf2 37. Kxf2 Rh2+ 38. Ke3 Rxc2 39. Nxa5 h4 40. Nc4 Rc3 41. a5 Rxd3+ 42. Kf2 Bc8 43. a6 Bxa6 44. Rxa6 Rxb3 45. Rxc6 Rc3 46. Rxc5 Kh6 47.
Rc6 Kh5 48. Ne5 Rxc6 49. Nxc6 g5 50. Ne5 g4 51. Nxg4 Kxg4 52. Kg2 h3+ 53. Kh2 Kh4 54.
Kh1 Kg3 55. Kg1 h2+ 56. Kh1 Kh3 1/2-1/2

[Event "Late-Titled-Tuesday-Blitz-February-27-2024"]
[Site "Chess.com"]
[Date "2024.02.27"]
[Round "5"]
[White "Andreikka"]
[Black "dawid498"]
[Result "1-0"]
[WhiteElo "2954"]
[BlackElo "2710"]
[TimeControl "180+1"]
[EndTime "14:56:44 PST"]
[Termination "Andreikka won on time"]

1. Nf3 g6 2. d4 Nf6 3. Nc3 d5 4. Bf4 Bg7 5. e3 a6 6. h4 h5 7. Ne5 c5 8. Be2 Qa5 9. O-O Nc6 10. Bf3 cxd4 11. exd4 O-O 12. Re1 Re8 13.
a3 Bf5 14. Qd2 Rac8 15. Nxc6 Rxc6 16. Be5 e6 17. Re2 Ng4 18. Bxg7 Kxg7 19. Bxd5 Rxc3 20. Bb3 Qc7 21. g3 Rxb3 22. cxb3 Rd8 23. Qc3 Qxc3 24.
bxc3 Rc8 25. c4 Nf6 26. f3 Rd8 27. Rd2 Kf8 28. Kf2 Ke7 29. Ke3 Rg8 30. a4 g5 31.
hxg5 Rxg5 32. Kf4 Rg8 33. a5 Nd7 34. Ra4 Kd6 35. Rh2 Bg6 36. Rb4 Kc7 37. Rd2 Nb8 38. d5 Rd8 39. Ke3 exd5 40. cxd5 Rd7 41. Rc4+ Kd8 42.
Rdd4 Rd6 43. Rb4 Kc7 44. Rdc4+ Kd8 45. Rxb7 Nd7 46. Kd4 Nf6 47. Ke5 Rxd5+ 48. Kxf6 Rf5+ 49. Kg7 Rxa5 50. b4 Rf5 51. f4 Rd5 52. Rc3 Rd6 53.
Rc5 Be4 54. Rxf7 Rg6+ 55. Kf8 Rxg3 56. f5 Rf3 57. Re5 1-0

[Event "Late-Titled-Tuesday-Blitz-February-27-2024"]
[Site "Chess.com"]
[Date "2024.02.27"]
[Round "5"]
[White "SocoLoco"]
[Black "dimoni64"]
[Result "0-1"]
[WhiteElo "2208"]
[BlackElo "1975"]
[TimeControl "180+1"]
[EndTime "14:56:44 PST"]
[Termination "dimoni64 won by resignation"]

1. e4 c5 2. Nf3 d6 3. d3 g6 4. g3 Bg7 5. Bg2 Nc6 6. Nbd2 e5 7. c3 Nge7 8. O-O O-O 9. Qe2 b5 10. a4 b4 11. Rd1 a5 12. Nf1 Ba6 13. Qc2 Rb8 14.
Be3 bxc3 15. bxc3 Rb6 16. d4 cxd4 17. cxd4 Nb4 18. Qd2 Rc6 19. dxe5 d5 20. Nd4 Rc4 21. exd5 Nexd5 22. Nb5 Rc2 23. Qd4 Bb7 24. Nd6 Ba8 25.
Bxd5 Bxd5 26. Rab1 Qa8 27. f3 Bxf3 28. Rd2 Rxd2 29.
Qxd2 Bxe5 30. Nc4 Bg7 31. Qf2 Be4 32. Rc1 Nd3 33. Qe1 Nxc1 34. Qxc1 h5 35. Nfd2 Rc8 36. Nxe4 Qxe4 37. Bf2 Qxc4 38. Qd1 Qc1 39. Qxc1 Rxc1+ 40. Kg2 Ra1 41. Kf3 Rxa4 42. h3 Ra2 43. g4 Rxf2+ 44.
Kxf2 hxg4 45. Ke2 a4 46. hxg4 a3 47. Kd2 a2 48. Kc2 a1=Q 49. Kb3 Qc3+ 50. Ka4 Qb2 51. g5 Kf8 0-1

[Event "Late-Titled-Tuesday-Blitz-February-27-2024"]
[Site "Chess.com"]
[Date "2024.02.27"]
[Round "5"]
[White "CURRUTACO59"]
[Black "Peroncio"]
[Result "0-1"]
[WhiteElo "2253"]
[BlackElo "2436"]
[TimeControl "180+1"]
[EndTime "14:56:45 PST"]
[Termination "Peroncio won on time"]

1. Nf3 c5 2. e3 Nc6 3. d4 d5 4. c4 cxd4 5. cxd5 Qxd5 6. Nc3 Qd8 7. exd4 e6 8. d5 exd5 9. Qxd5 Be6 10. Qb5 Rb8 11. Bf4 Rc8 12. Qxb7 Qb6 13. Qxb6 axb6 14.
Bb5 Bb4 15. O-O Ne7 16. Rfc1 O-O 17. a3 Bxc3 18. Rxc3 Nd5 19. Rxc6 Nxf4 20. Rxb6 Rc2 21. b4 Bd5 22. Nd4 Rd2 23. Nc6 Bxg2 24. Ne7+ Kh8 25.
a4 Bf3 26. Bf1 Re8 27. Nf5 g6 28. Ng3 h5 29. h4 g5 30. hxg5 h4 31. Rh6+ Kg7 32.
Rxh4 Ng6 33. Rc4 Rh8 34. Bg2 Bxg2 35. Kxg2 Nh4+ 36. Kf1 Nf3 37. Kg2 Nh4+ 38. Kf1 Nf3 39. Ra3 Nxg5 40. Rc5 Ne6 41. Re5 Rhd8 42. Kg2 Nf4+ 43.
Kf3 Ng6 0-1

[Event "Late-Titled-Tuesday-Blitz-February-27-2024"]
[Site "Chess.com"]
[Date "2024.02.27"]
[Round "5"]
[White "GoltsevDmitry2000"]
[Black "EvilMorty23"]
[Result "0-1"]
[WhiteElo "2758"]
[BlackElo "2575"]
[TimeControl "180+1"]
[EndTime "14:56:48 PST"]
[Termination "EvilMorty23 won by checkmate"]

1. e4 e6 2. d4 d5 3. exd5 exd5 4.
Nf3 Nc6 5. c4 Bg4 6. Be2 dxc4 7.
Bxc4 Qe7+ 8. Be3 Bxf3 9. Qxf3 Nxd4 10. Qxf7+ Qxf7 11. Bxf7+ Kxf7 12. Bxd4 Re8+ 13. Be3 Bc5 14. Ke2 Bxe3 15. fxe3 Nf6 16. Nc3 c6 17. Rhf1 Re7 18.
Rad1 Rhe8 19. Rd3 Kg8 20. h3 h6 21. g4 b5 22. a3 a5 23. Rf4 Nd7 24. e4 b4 25. axb4 axb4 26. Na4 Rxe4+ 27. Rxe4 Rxe4+ 28. Kf3 Nf6 29. b3 Kf7 30. Nb2 Ke7 31. Nc4 Re1 32.
Rd6 Rb1 33. Rd3 Nd5 34. Ke4 Nc3+ 35. Ke5 Rxb3 36. Na5 Rb1 37. Nxc6+ Kf7 38. Rd7+ Kg6 39. Ne7+ Kg5 40. Nf5 Re1+ 41. Kd6 Rd1+ 42. Ke6 Rxd7 43. Kxd7 b3 44. h4+ Kf6 45. Ng3 b2 46. g5+ hxg5 47. hxg5+ Kxg5 48. Nf1 b1=Q 49. Ne3 Qd3+ 50. Nd5 Qxd5+ 51. Ke7 Qb7+ 52. Ke6 Qc6+ 53. Kf7 Qf6+ 54. Kg8 Qe7 55. Kh7 g6+ 56. Kg8 Kh6 57. Kh8 Qf8# 0-1

[Event "Late-Titled-Tuesday-Blitz-February-27-2024"]
[Site "Chess.com"]
[Date "2024.02.27"]
[Round "5"]
[White "JackRodgers"]
[Black "alexrustemov"]
[Result "0-1"]
[WhiteElo "2513"]
[BlackElo "2795"]
[TimeControl "180+1"]
[EndTime "14:56:48 PST"]
[Termination "alexrustemov won on time"]

1. d4 g6 2. h4 Nf6 3. Bg5 Bg7 4.
Bxf6 Bxf6 5. h5 c5 6. hxg6 hxg6 7. Rxh8+ Bxh8 8. c3 Qb6 9. e3 Qxb2 10. Nd2 Qb6 11. Ngf3 d6 12. Rb1 Qc7 13. Bc4 e6 14. Ke2 Bg7 15.
Qh1 Nd7 16. Ng5 Nf6 17. g3 d5 18. Bb5+ Bd7 19. Bxd7+ Qxd7 20. Nh7 O-O-O 21. Nxf6 Bxf6 22. Qc1 Qc6 23. Qa3 cxd4 24. cxd4 Kb8 25. Rc1 Qd7 26. Nb3 b6 27. Qb4 Be7 28. Nc5 Bxc5 29. dxc5 Rc8 30. Rc3 Qc6 31. Qf4+ Qc7 32. Qb4 e5 33. c6 Rd8 34. a4 Rd6 35. Qb5 d4 36. exd4 exd4 37. Rc1 d3+ 38. Kd2 Rf6 39. f4 Re6 40. a5 Re2+ 41. Kxd3 Re8 42. a6 Qd6+ 43. Kc2 Kc7 44. Kb1 Re4 45. Ka2 Rb4 0-1

[Event "Late-Titled-Tuesday-Blitz-February-27-2024"]
[Site "Chess.com"]
[Date "2024.02.27"]
[Round "5"]
[White "szachmistrz2500"]
[Black "Zavgorodniy_Sergiy"]
[Result "1-0"]
[WhiteElo "2444"]
[BlackElo "2616"]
[TimeControl "180+1"]
[EndTime "14:56:49 PST"]
[Termination "szachmistrz2500 won on time"]

1. d4 d5 2. c4 dxc4 3. Nf3 Nf6 4.
e3 e6 5. Bxc4 a6 6. a4 c5 7. O-O Nc6 8. Qe2 cxd4 9. Rd1 Be7 10.
exd4 O-O 11. Ne5 Nb4 12. Ra3 b6 13. Rg3 g6 14. Bh6 Re8 15. Nc3 Nfd5 16. Qf3 Bf6 17.
Bg5 Ra7 18. Nxd5 Bxg5 19. Nxb4 Rc7 20. Nxa6 Bb7 21. Qg4 Rxc4 22. Nxc4 Bxa6 23. Qxg5 Bxc4 24. Qxd8 Rxd8 25. Rc3 Bd5 26. Rdc1 Kg7 27. Rc8 Rd6 28. f3 Bb3 29. Rb8 Bxa4 30. Rc7 Rxd4 31. Rxb6 Rd1+ 32. Kf2 Rd2+ 33. Kg3 e5 34. Re7 Kf8 35. Rbb7 Be8 36. Rec7 Rd8 37. Re7 Rc8 38. Rxe5 Bc6 39. Ra7 Rb8 40.
Rc5 Be8 41. Re5 Bc6 42. Ree7 Bd5 43. Red7 Be6 44. Rdb7 Rc8 45. b4 Rc2 46. b5 Rb2 47. b6 Kg7 48. h4 h5 49. Re7 Kf6 50. Reb7 Bc4 51. Rb8 Bf1 52. Rc7 Rxg2+ 53. Kf4 Rb2 54. b7 Rb4+ 55. Kg3 Ba6 56. Rg8 1-0

[Event "Late-Titled-Tuesday-Blitz-February-27-2024"]
[Site "Chess.com"]
[Date "2024.02.27"]
[Round "5"]
[White "Sjakkerntobi"]
[Black "NMJeevanK"]
[Result "1/2-1/2"]
[WhiteElo "2462"]
[BlackElo "2599"]
[TimeControl "180+1"]
[EndTime "14:56:49 PST"]
[Termination "Game drawn by agreement"]

1. e4 e5 2. Nf3 Nc6 3. Nc3 Nf6 4. a3 Be7 5. d4 d6 6. dxe5 dxe5 7.
Qxd8+ Bxd8 8. Bc4 O-O 9. Be3 Be7 10. h3 a6 11. O-O-O h6 12. Nd5 Bd8 13. Bc5 Re8 14. Rhe1 b6 15. Nxf6+ Bxf6 16. Be3 b5 17. Bd5 Bb7 18. Nd2 Rab8 19. Nb3 Be7 20. Nc5 Bxc5 21. Bxc5 Na5 22. Ba2 Bc6 23. f3 Nb7 24. Be3 Kf8 25.
h4 Red8 26. Rxd8+ Rxd8 27. Rd1 Rc8 28. g4 Ke7 29. h5 f6 30. Rd3 Be8 31. Bd5 c6 32.
Ba2 c5 33. Bd5 Nd6 34. c4 bxc4 35. Rc3 Bb5 36. a4 Bxa4 37. Bxc4 Nxc4 38. Rxc4 Bb5 39.
Rxc5 Rxc5+ 40. Bxc5+ Ke6 41. Kd2 Kf7 42. Ke3 g6 43.
hxg6+ Kxg6 44. Be7 Bc4 45. b4 Bb5 46. Kd2 Bc4 47. Ke1 Bb5 48. Kf2 Kg5 49. Kg3 Kg6 50. f4 exf4+ 51. Kxf4 Bc4 52. e5 fxe5+ 53. Kxe5 Be2 54.
Kf4 Bb5 55. Kg3 Bc4 56. Kh4 Bb5 57. g5 hxg5+ 58. Bxg5 Kf5 59. Bd8 Ke4 60. Ba5 Kd5 61. Kg5 Kc6 62. Kf6 Kb7 63. Kf5 Ka8 64. Ke5 Kb7 1/2-1/2

[Event "Late-Titled-Tuesday-Blitz-February-27-2024"]
[Site "Chess.com"]
[Date "2024.02.27"]
[Round "5"]
[White "BebeBonito2022"]
[Black "toninhojit"]
[Result "1-0"]
[WhiteElo "2316"]
[BlackElo "2457"]
[TimeControl "180+1"]
[EndTime "14:56:49 PST"]
[Termination "BebeBonito2022 won by checkmate"]

1. d4 Nf6 2. c4 c5 3. d5 e6 4.
Nc3 exd5 5. cxd5 d6 6. e4 g6 7.
f4 Bg7 8. Bb5+ Nfd7 9. a4 O-O 10.
Nf3 Na6 11. O-O Nb4 12. Re1 a6 13. Bf1 Re8 14. h3 Rb8 15. Bd2 Qc7 16. Qb3 Nf6 17.
e5 Nh5 18. exd6 Qd8 19. Rxe8+ Qxe8 20. Re1 Qd8 21. Ne4 Bf5 22. Nxc5 Nc2 23. Nxb7 Rxb7 24. Qxb7 Nxe1 25. Bxe1 Nxf4 26. Qxa6 Nxd5 27. Qc6 Ne3 28.
Bb5 Bxb2 29. Bf2 Nd1 30. Bb6 Qf6 31. d7 Bxd7 32. Qxf6 Bxf6 33. Bxd7 Nc3 34. a5 Nd5 35.
Bc5 Nc7 36. Bc8 Bc3 37. a6 Nxa6 38. Bxa6 Ba5 39. Bc4 h6 40. Ne5 Kg7 41. Nxf7 Bc3 42. Nd6 Be5 43. Ne4 g5 44. Kf2 Kg6 45. g4 Bf4 46.
Bd4 Bc1 47. Bd3 Bf4 48. Ng3+ Kf7 49. Nf5 h5 50. gxh5 Kg8 51. h6 Kh7 52. Kf3 Bc1 53. Kg4 Bd2 54. Kh5 Bc1 55. Bf6 Kg8 56. Bxg5 Bb2 57.
Ne7+ Kh8 58. h7 Bg7 59. h4 Be5 60. Ng6+ Kg7 61. Nxe5 Kf8 62. h8=Q# 1-0

[Event "Late-Titled-Tuesday-Blitz-February-27-2024"]
[Site "Chess.com"]
[Date "2024.02.27"]
[Round "5"]
[White "Eloist"]
[Black "jaramsdal"]
[Result "1-0"]
[WhiteElo "2464"]
[BlackElo "2269"]
[TimeControl "180+1"]
[EndTime "14:56:49 PST"]
[Termination "Eloist won on time"]

1. e4 e5 2. Nf3 Nc6 3. Bc4 Nf6 4. d3 Bc5 5. O-O a6 6. c3 d6 7. a4 h6 8. Re1 O-O 9. Nbd2 Re8 10. b4 Ba7 11. Nf1 Be6 12. Bxe6 Rxe6 13. Be3 d5 14. Bxa7 Rxa7 15. b5 Ne7 16. Qb3 dxe4 17. dxe4 Ng6 18. Rad1 Rd6 19. Rxd6 Qxd6 20. Rd1 Qe7 21. Ng3 axb5 22.
Nf5 Qe6 23. Qxb5 Nxe4 24. Rd8+ Kh7 25. Ne3 Nd6 26. Qc5 Rxa4 27. h4 Ra1+ 28. Kh2 e4 29.
Nd4 Qe5+ 30. Qxe5 Nxe5 31. Nef5 Nxf5 32. Nxf5 Rc1 33. Re8 Nd3 34. Rxe4 Rxc3 35. Re7 Kg6 36. Ne3 Nxf2 37. Nd5 Rc4 38. g3 Ng4+ 39. Kh3 h5 40. Nf4+ Kh6 41. Rxf7 Rc2 42. Ng2 b5 43. Rf5 b4 44.
Rb5 c5 45. Rb6+ g6 46. Rb7 Rb2 47. Rc7 1-0

[Event "Late-Titled-Tuesday-Blitz-February-27-2024"]
[Site "Chess.com"]
[Date "2024.02.27"]
[Round "5"]
[White "Oleksandr_Bortnyk"]
[Black "xasid81"]
[Result "1-0"]
[WhiteElo "3060"]
[BlackElo "2622"]
[TimeControl "180+1"]
[EndTime "14:56:50 PST"]
[Termination "Oleksandr_Bortnyk won by resignation"]

1. d4 c6 2. Nc3 d5 3. Bf4 Nf6 4. e3 Bf5 5. Nf3 h6 6. Bd3 Bxd3 7. cxd3 e6 8. O-O Bd6 9. Ne5 O-O 10. Qb3 Qc7 11.
Rac1 a6 12. Na4 Nh5 13. Nb6 Ra7 14. Rfe1 Re8 15. g4 Nxf4 16. exf4 f6 17. Ng6 Bxf4 18. Nxd5 Bxh2+ 19. Kg2 Qd6 20. Nde7+ Kf7 21. Re4 b5 22. Rh1 Raxe7 23. Nxe7 Rxe7 24. Rxh2 Qd5 25. Qxd5 cxd5 26. Re1 Nc6 27. Rc1 Nxd4 28. Rc8 a5 29. Rh1 a4 30. a3 e5 31. f3 e4 32. fxe4 dxe4 33. dxe4 Rxe4 34.
Kg3 Kg6 35. Rd1 Kg5 36. Rc5+ f5 37. gxf5 Nxf5+ 38. Kf3 Re3+ 39. Kf2 Rb3 40. Rg1+ Kf6 41. Rc2 h5 42. Rc6+ Ke5 43. Rg5 Rxb2+ 44. Ke1 Rb1+ 45.
Kd2 Rf1 46. Rc5+ Ke4 47. Rxb5 h4 48. Rg4+ Kf3 49. Rxf5+ Kxg4 50. Rxf1 Kg3 51. Rg1+ 1-0

[Event "Late-Titled-Tuesday-Blitz-February-27-2024"]
[Site "Chess.com"]
[Date "2024.02.27"]
[Round "5"]
[White "jactorres"]
[Black "boguszp"]
[Result "0-1"]
[WhiteElo "2357"]
[BlackElo "2033"]
[TimeControl "180+1"]
[EndTime "14:56:50 PST"]
[Termination "boguszp won on time"]

1. e4 c6 2. d4 d5 3. exd5 cxd5 4. c4 Nf6 5. Nc3 Nc6 6. Bg5 Be6 7. c5 g6 8. Bxf6 exf6 9. Nf3 Bg7 10. Bb5 O-O 11. h3 f5 12. O-O a6 13. Bxc6 bxc6 14.
Na4 f4 15. Nb6 Rb8 16. Qa4 Rxb6 17. cxb6 Qxb6 18. Rac1 Rc8 19. b3 Bf5 20. Rfe1 Be4 21. Rcd1 a5 22. Ng5 Bf5 23. Nf3 Bd7 24. Qa3 Qb4 25.
Qxb4 axb4 26. Ne5 Be8 27. Rc1 Ra8 28. Rc2 Bxe5 29. Rxe5 Kf8 30. Rce2 h6 31. f3 g5 32. Kf2 f6 33. Re6 Kf7 34. Re1 Rxa2+ 35. R6e2 Rxe2+ 36. Rxe2 Bd7 37. Rc2 Ke6 38. Ke2 Kd6 39. Rc1 Bf5 40. Kd2 Bd7 41. Rh1 Bc8 42. h4 Ba6 43. hxg5 hxg5 44. Rh6 Ke6 45. Rh8 Bf1 46. Rh2 f5 47.
Ke1 Bd3 48. Kd2 Bf1 49. Ke1 Bd3 50. Rh8 Bc2 51. Rc8 Kd7 52. Rg8 Bxb3 53. Rxg5 Bc4 54. Kd2 b3 55. Kc3 Ke6 56. Rg6+ Kd7 57. Rf6 Bf1 58. Rxf5 Bxg2 59. Rxf4 Bf1 60. Kxb3 Ke6 61. Kb4 Kd6 62. Rf6+ Kd7 63. Kc5 Bb5 64. f4 Ba4 65.
Rh6 Ke7 0-1

[Event "Late-Titled-Tuesday-Blitz-February-27-2024"]
[Site "Chess.com"]
[Date "2024.02.27"]
[Round "5"]
[White "ritanovikova"]
[Black "katharinareinecke"]
[Result "1-0"]
[WhiteElo "2233"]
[BlackElo "2002"]
[TimeControl "180+1"]
[EndTime "14:56:52 PST"]
[Termination "ritanovikova won on time"]

1. e4 c6 2. d4 d5 3. Nd2 dxe4 4. Nxe4 Bf5 5. Ng3 Bg6 6. Bd3 Bxd3 7. Qxd3 e6 8. Nf3 Nd7 9. c3 Ngf6 10. O-O Be7 11.
Re1 O-O 12. Bf4 c5 13. Rad1 cxd4 14. Qxd4 Bc5 15. Qd2 Qb6 16. b4 Be7 17. a3 Rfd8 18. Be3 Qc7 19. Bf4 Qb6 20. Qe3 Rac8 21. Qxb6 Nxb6 22.
Rd2 Rxd2 23. Bxd2 Nc4 24. Bc1 Nd5 25. Ne4 f5 26. Neg5 Bxg5 27. Nxg5 e5 28. h4 Nxc3 29.
Kh2 h6 30. Nf3 e4 31. Nd4 g6 32. h5 Kf7 33. hxg6+ Kxg6 34. Ne6 Ne5 35. Nf4+ Kh7 36. Bb2 Ng4+ 37. Kg3 Na4 38. Ba1 Rc2 39. Re2 Rxe2 40. Nxe2 Kg6 41. Nf4+ Kh7 42. Nd5 Nb6 43. Ne7 e3 44. Nxf5 e2 45. Bc3 Ne5 46. Nd4 e1=Q 47. Bxe1 Nd3 48. Bc3 Nc4 49. a4 Ndb2 50. a5 Na4 51.
Be1 b6 52. a6 b5 53. Nxb5 Nab6 54.
Nxa7 Nb2 55. Nc6 Nd3 56. Bc3 Nd5 57. Bd4 N3xb4 58. a7 Nxc6 59. a8=Q Nxd4 60. Qxd5 Ne2+ 61. Kf3 Ng1+ 62. Ke3 1-0

[Event "Late-Titled-Tuesday-Blitz-February-27-2024"]
[Site "Chess.com"]
[Date "2024.02.27"]
[Round "5"]
[White "jaskol95"]
[Black "delqate"]
[Result "1-0"]
[WhiteElo "2554"]
[BlackElo "2413"]
[TimeControl "180+1"]
[EndTime "14:56:53 PST"]
[Termination "jaskol95 won by checkmate"]

1. e4 d5 2. exd5 Qxd5 3. Nc3 Qd8 4. Nf3 Bg4 5. h3 Bxf3 6. Qxf3 c6 7. Bc4 e6 8. d3 Nf6 9. O-O Nbd7 10. a4 a5 11. Re1 Be7 12. Ne4 Ne5 13. Qg3 Ng6 14. Ng5 Nd5 15. h4 Qb8 16. Qh3 Qd6 17.
h5 Ngf4 18. Qg4 h6 19. Bxd5 hxg5 20. Bb3 Rxh5 21. Bxf4 Rh4 22. Qxh4 gxf4 23. Qg4 O-O-O 24. Re4 f3 25. Qxf3 Rh8 26. g3 Bf6 27. c3 Qc5 28. Rae1 Qg5 29. Rg4 Qh6 30. Qg2 Qd2 31. Rge4 Qxb2 32. Bxe6+ fxe6 33. Rxe6 Qxc3 34. Re8+ Rxe8 35.
Rxe8+ Kd7 36. Qe4 Qa1+ 37. Kg2 Kc7 38. Qf4+ Kb6 39. Qe3+ Kc7 40. Qf4+ Kb6 41. Re4 Qc3 42. Qe3+ Kc7 43. d4 Qc4 44. Qf4+ Kb6 45. Qd6 Qxa4 46.
Qc5+ Ka6 47. Re8 b5 48. Ra8+ Kb7 49. Qa7# 1-0

[Event "Late-Titled-Tuesday-Blitz-February-27-2024"]
[Site "Chess.com"]
[Date "2024.02.27"]
[Round "5"]
[White "Ali_rastbod"]
[Black "dropstoneDP"]
[Result "1/2-1/2"]
[WhiteElo "2720"]
[BlackElo "2980"]
[TimeControl "180+1"]
[EndTime "14:56:56 PST"]
[Termination "Game drawn by repetition"]

1. e4 e5 2. Nf3 Nf6 3. Nc3 Nc6 4. h3 Bb4 5. Bd3 O-O 6. O-O Re8 7. Re1 d6 8. Ne2 Bc5 9. Ng3 Ne7 10. c3 Ng6 11. Bc2 Bb6 12. d4 h6 13. Be3 Bd7 14. a4 c6 15. b4 exd4 16. Bxd4 Bxd4 17. cxd4 Qc7 18.
Qd3 Rad8 19. Qc3 Qb8 20. a5 Be6 21. Re3 b6 22. a6 Rc8 23. Bd3 c5 24. bxc5 dxc5 25.
Bb5 cxd4 26. Qxd4 Red8 27. Qb4 Rc5 28. Bf1 Qf4 29. Nd4 Qe5 30. Nxe6 Qxe6 31. Rae1 Qe5 32. Nf5 Ne7 33. f4 Qc7 34. Nxe7+ Qxe7 35. Qb2 Rc7 36. Rg3 Qc5+ 37. Kh1 Qd4 38. Qb1 Qd2 39. Rf3 Rc3 40. Rxc3 Qxc3 41. e5 Nh5 42. Rd1 Rxd1 43. Qxd1 Nxf4 44. Qd8+ Kh7 45. Qd7 Qe1 46. Qf5+ Ng6 47.
Qxf7 Nxe5 48. Qf5+ g6 49. Qf6 h5 50. Qe7+ Kh6 51.
Qf8+ Kh7 52. Qe7+ Kh6 53. Qf8+ Kh7 54. Qe7+ 1/2-1/2

[Event "Late-Titled-Tuesday-Blitz-February-27-2024"]
[Site "Chess.com"]
[Date "2024.02.27"]
[Round "5"]
[White "almaguerjm"]
[Black "MKlose11"]
[Result "0-1"]
[WhiteElo "2451"]
[BlackElo "2603"]
[TimeControl "180+1"]
[EndTime "14:56:57 PST"]
[Termination "MKlose11 won by resignation"]

1. e4 e6 2. d4 d5 3. exd5 exd5 4. Nf3 Nf6 5. h3 c5 6. Bb5+ Nc6 7. O-O Be7 8. dxc5 O-O 9. Bxc6 bxc6 10. b4 a5 11. c3 Ne4 12. Nd4 Bf6 13. Be3 Qc7 14. Qc1 Re8 15. Nd2 Ng3 16. Re1 Nf5 17. N2b3 a4 18. Bf4 Rxe1+ 19. Qxe1 Qd7 20. Nxf5 axb3 21.
Nd6 bxa2 22. Qd2 h6 23. Rxa2 Rxa2 24. Qxa2 Qd8 25. Qa8 Bd7 26. Qxd8+ Bxd8 27. Be5 Bg5 28. f4 Bd8 29. c4 f6 30. Bd4 dxc4 31. Nxc4 Bc7 32. g3 Bxh3 33. Na5 Bd7 34. Kf2 Kf7 35. Ke3 Ke6 36. Ke4 f5+ 37. Kd3 g5 38. Be3 gxf4 39. gxf4 Kd5 40. Nc4 h5 41. Nd2 Bc8 42.
Nf3 Ba6+ 43. Kd2 Bd8 44. Bf2 Ke4 45. Ng5+ Kxf4 46. Ne6+ Kf3 47. Nxd8 Kxf2 48. Nxc6 h4 49. Nb8 h3 50. Nxa6 h2 51. c6 h1=Q 52. c7 Qd5+ 53.
Kc3 Qc6+ 54. Nc5 Qxc7 55. Kd4 f4 56. b5 Kg2 0-1

[Event "Late-Titled-Tuesday-Blitz-February-27-2024"]
[Site "Chess.com"]
[Date "2024.02.27"]
[Round "5"]
[White "HajiyevKanan"]
[Black "PawnEatingZombie"]
[Result "1-0"]
[WhiteElo "2479"]
[BlackElo "2175"]
[TimeControl "180+1"]
[EndTime "14:56:57 PST"]
[Termination "HajiyevKanan won on time"]

1. d4 Nf6 2. Nf3 g6 3. e3 Bg7 4. Be2 O-O 5. O-O d6 6. b3 a5 7.
Bb2 a4 8. Nbd2 a3 9. Bc1 Nc6 10. c4 e5 11. d5 Nb8 12. e4 Nbd7 13. Qc2 c6 14. dxc6 bxc6 15. Rd1 Qc7 16. Nb1 Nc5 17. Bd3 Bg4 18. Nbd2 Nh5 19. h3 Bxf3 20. Nxf3 d5 21. cxd5 cxd5 22. Be3 Na6 23. Qxc7 Nxc7 24. exd5 Nxd5 25.
Bc5 Rfc8 26. b4 Nc3 27. Bf1 Nf4 28. Re1 e4 29. Nd2 Nd3 30. Bxd3 exd3 31. Kf1 Na4 32. Rac1 Bb2 33. Rc4 Nxc5 34. bxc5 Ra5 35. Nb3 Rb5 36. Ra4 Rbxc5 37. Nxc5 Rxc5 38. Rd1 Rd5 39. Rc4 Kg7 40. Ke1 h5 41. Kd2 g5 42. Re1 h4 43. Re3 Rf5 44. f3 Rb5 45. Rxd3 Be5 46. Rxa3 Bf4+ 47. Kd3 Rb2 48.
Rc2 Rb1 49. Ra4 Rg1 50. Ke4 Rf1 51. Kf5 Ra1 52. Re4 Rb1 53. Kg4 Rb5 54. a4 Rb1 55.
Ra2 1-0